 Dungeon Crawl Stone Soup version bcrawl-1.22 (webtiles) character file.

Game seed: 820801257616495058

3219 Freyura the Basher (level 9, 0/79 HPs)
             Began as a Minotaur Fighter on May 16, 2020.
             Was a Follower of Qazlal.
             Slain by a white ugly thing (23 damage)
             ... on level 6 of the Dungeon.
             The game lasted 00:13:14 (5214 turns).

Freyura the Basher (Minotaur Fighter)               Turns: 5214, Time: 00:13:14

Health: 0/79       AC: 16    Str: 20    XL:     9   Next: 65%
Magic:  11/11      EV:  9    Int:  5    God:    Qazlal [*.....]
Gold:   484        SH: 13    Dex: 14    Spells: 8/8 levels left

rFire    . . .     SeeInvis .   a - +1 flail
rCold    . . .     Gourm    .   c - +0 medium shield
rNeg     . . .     Faith    .   z - +0 chain mail
rPois    +         Spirit   .   (helmet restricted)
rElec    .         Reflect  .   (no cloak)
rCorr    .         Harm     .   (no gloves)
MR       .....                  (no boots)
Stlth    ..........             (no amulet)
HPRegen  0.23/turn              k - ring of poison resistance
MPRegen  0.12/turn              A - +6 ring of protection

@: no status effects
A: retaliatory headbutt, horns 2
a: Renounce Religion


You were on level 6 of the Dungeon.
You worshipped Qazlal.
Qazlal was aware of your devotion.
You were not hungry.

You visited 1 branch of the dungeon, and saw 6 of its levels.

You collected 484 gold pieces.

Inventory:

Hand Weapons
 a - a +1 flail (weapon)
Armour
 b - a +0 scale mail
 c - a +0 medium shield (worn)
 z - a +0 chain mail (worn)
Jewellery
 f - an uncursed ring of positive energy
 i - an uncursed ring of insulation
 k - a ring of poison resistance (left hand)
 A - a +6 ring of protection (right hand)
 F - an uncursed ring of protection from cold
Wands
 q - a wand of iceblast (9)
 B - a wand of flame (41)
 C - a wand of polymorph (8)
Scrolls
 d - 2 scrolls of amnesia {unknown}
 l - 2 scrolls of identify
 r - 8 scrolls of teleportation {unknown}
 v - 3 scrolls of remove curse
 x - 2 scrolls of enchant weapon
 y - 3 scrolls of magic mapping {unknown}
 D - a scroll of blinking {unknown}
 H - a scroll of immolation
Potions
 g - a potion of mutation {unknown}
 h - 5 potions of heal wounds {unknown}
 j - 2 potions of curing {unknown}
 m - 3 potions of haste
 n - a potion of cancellation {unknown}
 o - 2 potions of brilliance {unknown}
 p - 3 potions of lignification {unknown}
 s - 2 potions of flight {unknown}
 t - 2 potions of invisibility {unknown}
 w - a potion of ambrosia {unknown}
 E - a potion of agility {unknown}
Comestibles
 e - 14 rations {!d}


   Skills:
 + Level 7.2 Fighting
 * Level 9.2 Maces & Flails
 + Level 7.3 Armour
 + Level 5.4 Dodging
 + Level 7.2 Shields
 + Level 4.3 Invocations


You had 8 spell levels left.
You didn't know any spells.
Your spell library contained the following spells:

 Spells                   Type           Power        Failure   Level  Hunger
 Magic Dart               Conj           #...         100%        1    ##.....
 Searing Ray              Conj           #.......     100%        2    ###....
 Iskenderun's Mystic Bla  Conj           #.......     100%        3    ####...
 Fulminant Prism          Conj/Hex       #.........   100%        4    #####..
 Irradiate                Conj/Tmut      #.........   100%        5    ######.


Dungeon Overview and Level Annotations

Branches:
Dungeon (6/12)             Temple (0/1) D:6

Altars:
Elyvilon
Qazlal

Shops:
D:6 %


Innate Abilities, Weirdness & Mutations

You reflexively headbutt those who attack you in melee.
You have a pair of horns on your head.


Message History

You are too injured to fight recklessly!
You are too injured to fight recklessly!
You are too injured to fight recklessly!
You are too injured to fight recklessly!
You are too injured to fight recklessly!
You are too injured to fight recklessly!
You are too injured to fight recklessly!
You are too injured to fight recklessly!
You are too injured to fight recklessly!
You are too injured to fight recklessly!
You are too injured to fight recklessly!
You sock the white ugly thing! You headbutt the white ugly thing.
The white ugly thing is heavily wounded.
You block the white ugly thing's attack.
You hit the white ugly thing.
The white ugly thing is heavily wounded.
The white ugly thing tail-slaps you.
* * * LOW HITPOINT WARNING * * *
The white ugly thing freezes you!!
You die...

#.# # ### #.# #
#.. .># #.### ##
#### #.#.. ....
#.#.# #... #.#(#
#... #u#.# #...
#@#.# #... #.#.##
#.(.
#.#..##########[#.
#.................
####.######## #(#.
#.# #... #.# ##.
#.# #. #.# ##


You could see a white ugly thing.

Vanquished Creatures
  A centaur zombie (D:6)
  2 centaur skeletons
  Grinder (D:5)
  A hippogriff (D:6)
  Sigmund (D:5)
  2 orc warriors (D:6)
  A sky beast (D:4)
  4 ogres
  A phantom (D:4)
  2 centaurs
  A big kobold (D:6)
  2 scorpions (D:6)
  2 crimson imps (D:5)
  3 orc priests
  3 hounds
  6 orc wizards
  An iguana (D:4)
  Natasha (thrice) (D:3)
  Terence (D:3)
  A worker ant (D:6)
  A hound skeleton (D:5)
  A worker ant zombie (D:5)
  3 gnolls (D:2)
  4 adders
  2 oozes
  An adder skeleton (D:5)
  4 worms
  2 dart slugs (D:1)
  5 leopard geckos
  27 orcs
  A ball python (D:4)
  A giant cockroach (D:3)
  4 goblins
  9 hobgoblins
  8 jackals
  11 kobolds
  4 quokkas
  8 bats
  2 frilled lizards (D:3)
  5 rats
142 creatures vanquished.

Vanquished Creatures (others)
  A quokka (D:6)
1 creature vanquished.

Grand Total: 143 creatures vanquished

Notes
Turn   | Place    | Note
-------+----------+-------------------------------------------
     0 | D:1      | Freyura the Minotaur Fighter began the quest for the Orb.
     0 | D:1      | Reached XP level 1. HP: 19/19 MP: 0/0
   117 | D:1      | Reached XP level 2. HP: 27/27 MP: 1/1
   348 | D:1      | Reached skill level 3 in Maces & Flails
   628 | D:2      | Reached XP level 3. HP: 33/33 MP: 2/2
   632 | D:2      | Reached skill level 1 in Dodging
  1060 | D:2      | Reached XP level 4. HP: 31/40 MP: 3/3
  1751 | D:3      | Reached skill level 4 in Maces & Flails
  1751 | D:3      | Reached XP level 5. HP: 15/47 MP: 4/4
  1991 | D:3      | Noticed Natasha
  2002 | D:3      | Killed Natasha
  2042 | D:3      | Noticed an ogre
  2048 | D:3      | Killed an ogre
  2048 | D:3      | Reached XP level 6. HP: 27/53 MP: 5/5
  2243 | D:3      | Found a stormy altar of Qazlal.
  2247 | D:3      | Became a worshipper of Qazlal Stormbringer
  2367 | D:3      | Noticed Natasha
  2375 | D:3      | Killed Natasha
  2375 | D:3      | Reached skill level 5 in Maces & Flails
  2507 | D:3      | Noticed Terence
  2512 | D:3      | Killed Terence
  2652 | D:3      | Noticed Natasha
  2657 | D:3      | Killed Natasha
  2742 | D:4      | Reached skill level 5 in Shields
  2747 | D:4      | Reached skill level 5 in Fighting
  2747 | D:4      | Reached skill level 5 in Armour
  2747 | D:4      | Reached skill level 1 in Invocations
  2884 | D:4      | Noticed a sky beast
  2902 | D:4      | Killed a sky beast
  2902 | D:4      | Reached XP level 7. HP: 53/61 MP: 6/6
  3225 | D:4      | Reached skill level 6 in Maces & Flails
  3754 | D:5      | Entered Level 5 of the Dungeon
  3787 | D:5      | Reached * piety under Qazlal
  3879 | D:5      | Reached XP level 8. HP: 69/69 MP: 8/8
  3927 | D:5      | Noticed Grinder
  3950 | D:5      | Killed Grinder
  3950 | D:5      | Reached skill level 7 in Maces & Flails
  3951 | D:5      | Noticed Sigmund
  3983 | D:5      | Killed Sigmund
  4384 | D:6      | Reached skill level 8 in Maces & Flails
  4394 | D:6      | Found a staircase to the Ecumenical Temple.
  4451 | D:6      | Reached XP level 9. HP: 62/78 MP: 10/10
  4797 | D:6      | Reached skill level 5 in Dodging
  4806 | D:6      | Found a white marble altar of Elyvilon.
  4885 | D:6      | Reached skill level 9 in Maces & Flails
  5134 | D:6      | Found Kehesid's Food Shop.
  5205 | D:6      | Noticed a white ugly thing
  5214 | D:6      | Slain by a white ugly thing

Skill      XL: |  1  2  3  4  5  6  7  8  9 |
---------------+----------------------------+-----
Maces & Flails | 3 4 5 6 8 9 |  9.2
Fighting       | 4 5 6 7 |  7.2
Dodging        | 1 2 3 4 5 |  5.4
Shields        | 4 5 6 7 |  7.2
Armour         | 4 5 6 7 |  7.3
Invocations    | 1 2 3 4 |  4.3

Action                   |  1- 3 |  4- 6 |  7- 9 || total
-------------------------+-------+-------+-------++-------
Melee: Flail             |    83 |   125 |   224 ||   432
       Headbutt          |    13 |    22 |    56 ||    91
  Use: Scroll            |       |     6 |     3 ||     9
       Potion            |       |     2 |     2 ||     4
  Eat: Chunk             |       |     7 |     7 ||    14
Armor: Scale mail        |    48 |    41 |       ||    89
       Chain mail        |       |    16 |   100 ||   116
Dodge: Dodged            |    19 |    23 |    67 ||   109
Block: Medium shield     |    41 |    51 |   123 ||   215
